Match 47143690
Unlisted

Match 47143690
End
Construct Section Command Post
Infantry Section
Dingo Light Scout Car
Vickers Machine Gun Team
Selects Air and Sea Battlegroup
Infantry Section
Construct Platoon Command Post
Infantry Section
Infantry Training
Selects Commando Section Paradrop
Selects Commando Support Section Paradrop
Construct Field Infirmary
Commando Support Section Paradrop
Construct Company Command Post
Selects Naval Blockade
Selects UNKNOWN (223837)
Crusader II Medium Tank
Foot Guards Section
Unlock Bishop Self-propelled Artillery
Centaur IV Medium Tank
Selects Incendiary Bombing Run
Unlock M3 Grant Medium Tanks
Bishop Self-propelled Artillery
Selects Assault Flares
Assault Flares
M3 Grant Medium Tank
M3 Grant Medium Tank
Royal Engineer Section
Assault Flares
Crusader II Medium Tank
Crusader II Medium Tank
Assault Flares
Incendiary Bombing Run
Ricardin_ihuull
Goodvyn
0
0

Comments sign in to comment!

No comments posted yet!